 Dungeon Crawl Stone Soup version 0.28-b1-25-g9875b3fc8c (webtiles) character file.

Game seed: 15209486139533710669

749 pkoi the Chopper (level 7, -5/61 HPs)
             Began as a Minotaur Gladiator on Feb 3, 2022.
             Was a Follower of Okawaru.
             Engulfed by a steam dragon's steam (6 damage)
             ... on level 6 of the Dungeon.
             The game lasted 00:03:37 (5662 turns).

pkoi the Chopper (Minotaur Gladiator)               Turns: 5662, Time: 00:03:38

Health: -5/61      AC:  4    Str: 19 (21) XL:     7   Next: 48%
Magic:  0/6        EV: 12    Int:  4 (5)  God:    Okawaru [*.....]
Gold:   274        SH:  0    Dex:  8 (11) Spells: 6/6 levels left

rFire   . . .      SeeInvis .   a - +1 war axe
rCold   . . .      Faith    .   (no shield)
rNeg    . . .      Spirit   +   b - +0 leather armour
rPois   .          Reflect  .   c - +1 hat
rElec   .          Harm     .   (no cloak)
rCorr   .          Rampage  .   (no gloves)
Will    .....                   (no boots)
Stlth   +.........              e - amulet of guardian spirit
HPRegen 0.20/turn               (no ring)
MPRegen 0.10/turn               (no ring)

@: studying Long Blades
A: horns 2, retaliatory headbutt
a: Renounce Religion, Heroism


You were on level 6 of the Dungeon.
You worshipped Okawaru.
Okawaru was aware of your devotion.
You visited 2 branches of the dungeon, and saw 7 of its levels.

You collected 274 gold pieces.

Inventory:

Hand Weapons
 a - a +1 war axe (weapon)
 o - a +2 dagger of venom
Missiles
 d - 3 throwing nets (quivered)
Armour
 b - a +0 leather armour (worn)
 c - a +1 hat (worn)
Jewellery
 e - an amulet of guardian spirit (around neck)
 g - a +4 ring of slaying
 q - a ring of fire
 r - a +4 ring of protection
Scrolls
 f - 2 scrolls of fear
 j - 3 scrolls of identify
 k - 3 scrolls of blinking {unknown}
 l - a scroll of magic mapping {unknown}
 m - a scroll of silence {unknown}
 p - a scroll of vulnerability {unknown}
Potions
 h - 2 potions of might
 i - a potion of flight
 n - a potion of curing


   Skills:
 + Level 5.4 Fighting
 * Level 7.9 Axes
 - Level 2.0 Throwing
 + Level 4.6 Armour
 - Level 3.2 Dodging
 + Level 0.9 Invocations


You had 6 spell levels left.
You didn't know any spells.
Your spell library contained the following spells:

 Spells                   Type           Power      Damage    Failure   Level
 Ensorcelled Hibernation  Hex/Ice        0%         N/A       69%         2
 Spider Form              Tmut/Pois      0%         N/A       89%         3
 Anguish                  Hex/Necr       0%         N/A       100%        4
 Orb of Destruction       Conj           0%         9d5       100%        7
 Summon Guardian Golem    Hex/Summ       Unusable   N/A       N/A         3
 Spellforged Servitor     Conj/Summ      Unusable   N/A       N/A         7

Dungeon Overview and Level Annotations

Branches:
Dungeon (6/15)             Temple (1/1) D:4

Altars:
Ashenzari
Cheibriados
Dithmenos
Elyvilon
Fedhas
Gozag
Hepliaklqana
Kikubaaqudgha
Makhleb
Nemelex Xobeh
Okawaru
Qazlal
Ru
Sif Muna
Trog
Uskayaw
Vehumet
Wu Jian
Yredelemnul
Zin
The Shining One

Annotations:
D:3 1 runed translucent door, Crazy Yiuf


Innate Abilities, Weirdness & Mutations

You have a pair of horns on your head.
You reflexively headbutt those who attack you in melee.


Message History

You slash the kobold brigand!
You kill the kobold brigand!
Okawaru accepts your kill.
You can now gain great but temporary skills.
You hit the steam dragon. The steam dragon bites you.
The steam dragon claws you.
Unknown command.
Unknown command.
You closely miss the steam dragon.
You headbutt the steam dragon, but do no damage.
The steam dragon is lightly wounded.
The steam dragon bites you but does no damage.
The steam dragon misses you.
Unknown command.
You hit the steam dragon.
The steam dragon is moderately wounded.
The steam dragon bites you but does no damage.
The steam dragon claws you but does no damage.
Unknown command.
You barely miss the steam dragon.
The steam dragon is moderately wounded.
The steam dragon breathes steam at you. The ball of steam hits you!
Unknown command.
You hit the steam dragon. Your headbutt misses the steam dragon.
The steam dragon is moderately wounded.
You are engulfed in a cloud of scalding steam.
The steam dragon bites you!
* * * LOW HITPOINT WARNING * * *
The steam dragon claws you.
* * * LOW HITPOINT WARNING * * *
You completely miss the steam dragon.
The steam dragon is moderately wounded.
You are engulfed in a cloud of scalding steam.
* * * LOW HITPOINT WARNING * * *
The steam dragon misses you. The steam dragon barely misses you.
Unknown command.
It was a potion of cancellation.
You feel magically purged.
You are engulfed in a cloud of scalding steam.
You die...

#.#.............
...######.##+###....##..
........................
....§.....##............
.....§§...##...#.#.....#
...#..§.§.##........##.#
......§...##............
......§§.§..........>..#
......)@.......##.#.....
......§D.##.....#.#.#..#
#........+..............
#......[.##.....#...#..#
#........##.#..##.......
######.####.#...........
#. #.#......<.... ##
....#.....# ..#.#.#...#


You could see a steam dragon (catching breath).

Vanquished Creatures
  An ice beast (D:5)
  An ogre (D:4)
  A centaur (D:5)
  A phantom (D:4)
  A kobold brigand (D:6)
  A bullfrog skeleton (D:4)
  2 hounds
  An orc priest (D:3)
  A scorpion zombie (D:5)
  2 iguanas (D:5)
  An orc wizard (D:3)
  4 adders
  An ufetubus (D:6)
  A worm (D:3)
  A dart slug (D:4)
  10 orcs
  9 endoplasms
  2 giant cockroaches
  A goblin (D:1)
  8 hobgoblins
  2 quokkas
  2 ball pythons (D:3)
  5 bats
  7 frilled lizards
  7 kobolds
  8 rats
81 creatures vanquished.

Vanquished Creatures (others)
  A kobold (D:6)
1 creature vanquished.

Grand Total: 82 creatures vanquished

Notes
Turn   | Place    | Note
-------+----------+-------------------------------------------
     0 | D:1      | pkoi the Minotaur Gladiator began the quest for the Orb.
     0 | D:1      | Reached XP level 1. HP: 18/18 MP: 0/0
   216 | D:1      | Reached skill level 4 in Axes
   360 | D:1      | Reached XP level 2. HP: 25/25 MP: 1/1
   425 | D:1      | Reached skill level 1 in Armour
   823 | D:2      | Reached XP level 3. HP: 31/31 MP: 2/2
  1386 | D:3      | Reached skill level 5 in Axes
  1386 | D:3      | Reached XP level 4. HP: 22/38 MP: 1/3
  2061 | D:3      | Found a faded altar of an unknown god.
  2092 | D:3      | Found a runed translucent door.
  2093 | D:3      | Noticed Crazy Yiuf
  2346 | D:4      | Reached XP level 5. HP: 46/46 MP: 4/4
  2376 | D:4      | Noticed an ogre
  2383 | D:4      | Killed an ogre
  2384 | D:4      | Reached skill level 6 in Axes
  2740 | D:4      | Noticed a phantom
  2749 | D:4      | Found a staircase to the Ecumenical Temple.
  2751 | D:4      | Killed a phantom
  2752 | D:4      | Reached XP level 6. HP: 37/53 MP: 2/5
  2764 | Temple   | Entered the Ecumenical Temple
  3173 | Temple   | Became a worshipper of Warmaster Okawaru
  3535 | D:5      | Entered Level 5 of the Dungeon
  3620 | D:5      | Reached skill level 7 in Axes
  4239 | D:5      | Reached XP level 7. HP: 45/60 MP: 4/6
  4396 | D:5      | Reached * piety under Okawaru
  4397 | D:5      | Reached skill level 5 in Fighting
  5651 | D:6      | Noticed a steam dragon
  5661 | D:6      | HP: 1/61 [steam dragon] (9)]
  5662 | D:6      | Engulfed by a steam dragon's steam

Illustrated notes

Levels and vault maps discovered:
D:1:      psy_arrival_heroes, layout_basic
D:2:      layout_basic
D:3:      wad_river_or_something, layout_rooms,
          chequers_ecumenical_altar_simple, uniq_crazy_yiuf_cottage
D:4:      nicolae_cairo_tiling_large_dashed, layout_basic,
          minmay_temple_entry_offerings
D:5:      layout_layer_cave, minmay_manual_mandibuliform
D:6:      layout_basic
Temple:   kilobyte_greek_temple

Skill      XL: |  1  2  3  4  5  6  7 |
---------------+----------------------+-----
Axes           | 4 5 6 7 |  7.9
Armour         | 1 2 3 4 |  4.6
Fighting       | 3 4 5 |  5.4
Throwing       | |  2.0
Dodging        | |  3.2
Invocations    | |  0.9

Action                   |  1- 3 |  4- 6 |  7- 9 || total
-------------------------+-------+-------+-------++-------
Melee: War axe           |    50 |    81 |    30 ||   161
       Headbutt          |     5 |    14 |     6 ||    25
  Use: Scroll            |     4 |       |       ||     4
       Potion            |     1 |     2 |     3 ||     6
 Stab: Sleeping          |       |     2 |       ||     2
Armor: Leather armour    |    12 |    27 |    11 ||    50
Dodge: Dodged            |    32 |    48 |    16 ||    96
